 Dungeon Crawl Stone Soup version 0.17.2-1-ge4368a0 (console) character file.

6999 Goblin1989 the Carver (level 10, -12/77 HPs)
             Began as a Vampire Gladiator on Jan 15, 2017.
             Was a Follower of Okawaru.
             Mangled by Erolcha
             ... wielding a +0 giant spiked club
              (19 damage)
             ... while paralysed by Erolcha
             ... on level 10 of the Dungeon.
             The game lasted 00:30:46 (9866 turns).

Goblin1989 the Carver (Vampire Gladiator)           Turns: 9866, Time: 00:30:46

Health: -12/77     AC: 22    Str: 17    XL:     10   Next: 82%
Magic:  10/10      EV:  2    Int: 11    God:    Okawaru [*.....]
Gold:   574        SH:  0    Dex: 15    Spells: 0 memorised, 9 levels left

rFire  . . .     SeeInvis +     b - +4 scimitar
rCold  + . .     Clarity  .     D - +5 ring mail of a bazaar {+Inv Stlth+}
rNeg   + + .     SustAt   .     (no shield)
rPois  +         Gourm    .     c - +1 helmet
rElec  .         Spirit   .     i - +0 cloak
rCorr  .         Warding  .     (no gloves)
rMut   .         Stasis   .     (no boots)
MR     +....                    (no amulet)
Stlth  ++........               l - +4 ring of protection
                                k - +4 ring of protection

@: paralysed, regenerating slowly, somewhat resistant to hostile enchantments,
unstealthy
A: fangs 3, see invisible, unbreathing
a: Bat Form, Heroism, Renounce Religion, Evoke Invisibility


You were on level 10 of the Dungeon.
You worshipped Okawaru.
Okawaru was aware of your devotion.
You were very thirsty.

You visited 2 branches of the dungeon, and saw 11 of its levels.

You collected 574 gold pieces.

Inventory:

Hand Weapons
 a - a +1 long sword
 b - a +4 scimitar (weapon)
 w - a +0 blowgun {@w1}
Missiles
 f - 9 curare-tipped needles
 u - 40 poisoned needles
 Z - 3 throwing nets {=f, !d}
Armour
 c - a +1 helmet (worn)
 i - a +0 cloak (worn)
 p - a +1 scale mail of fire resistance
 D - the +5 ring mail of a bazaar (worn) {+Inv Stlth+}
   (You found it on level 7 of the Dungeon)

   It lets you turn invisible.
   It makes you more stealthy.
Jewellery
 g - a ring of wizardry
 k - a +4 ring of protection (left hand)
 l - a +4 ring of protection (right hand)
 x - a ring of ice
 z - an amulet of stasis {!P}
 J - a cursed ring of loudness {unknown}
 K - a ring of sustain attributes {unknown}
 M - a ring of sustain attributes {unknown}
 N - a ring of flight {unknown}
Wands
 m - a wand of digging (14)
 y - a wand of cold (7)
 C - a wand of confusion (40)
 I - a wand of slowing (30)
Scrolls
 d - 3 scrolls of enchant weapon
 e - 4 scrolls of recharging
 j - 3 scrolls of fear
 s - 2 scrolls of blinking {unknown}
 t - a scroll of fog {unknown}
 v - 2 scrolls of remove curse {@r2}
 A - a scroll of noise {unknown}
 E - 2 scrolls of amnesia {unknown}
 F - a scroll of random uselessness {unknown}
 L - a scroll of magic mapping {unknown}
 R - 2 scrolls of identify {@r1}
 T - a scroll of teleportation {!r, @r4}
Potions
 h - 2 potions of flight
 n - a potion of resistance
 o - 2 potions of magic
 q - 5 potions of blood
 r - 5 potions of curing {@q1}
 B - 2 potions of mutation {unknown}
 G - a potion of heal wounds {!q, @q2}
 O - 2 potions of lignification {unknown}
Books
 H - a book of the Warp

   Spells                             Type                      Level
   a - Recall                         Summoning/Translocation      3
   b - Gell's Gravitas                Hexes/Translocation          3
   c - Force Lance                    Conjuration/Translocation    4
   d - Phase Shift                    Translocation                5
   e - Warp Weapon                    Charms/Translocation         5
   f - Summon Forest                  Summoning/Translocation      5


   Skills:
 + Level 6.6 Fighting
 * Level 12.5 Long Blades
 - Level 1.5 Throwing
 - Level 4.0 Armour
 + Level 8.4 Dodging


You had 9 spell levels left.
You didn't know any spells.

Dungeon Overview and Level Annotations

Branches:
Dungeon (10/15)            Temple (1/1) D:4            Lair (0/8) D:9
    Orc: D:9-12

Altars:
Ashenzari
Cheibriados
Dithmenos
Elyvilon
Fedhas
Gozag
Kikubaaqudgha
Makhleb
Nemelex Xobeh
Okawaru
Qazlal
Ru
Sif Muna
Trog
Vehumet
Xom
Yredelemnul
Zin
The Shining One

Shops:
D:6 [

Annotations:
D:10 Erolcha


Innate Abilities, Weirdness & Mutations

You heal slowly.
You have razor-sharp teeth.
You have supernaturally acute eyesight.
You can survive without breathing.


Message History

You hit Erolcha but do no damage.
Erolcha is moderately wounded.
The wight hits you but does no damage.
You hit Erolcha but do no damage.
Erolcha is moderately wounded.
Erolcha gestures at you while chanting.
You suddenly lose the ability to move!
The wight hits you with a great sword! Erolcha hits you but does no damage.
The wight hits you with a great sword.
Erolcha hits you with a giant spiked club!!
* * * LOW HITPOINT WARNING * * *
The wight hits you but does no damage. Erolcha hits you but does no damage.
The wight hits you with a great sword.
* * * LOW HITPOINT WARNING * * *
Erolcha hits you with a giant spiked club!
* * * LOW HITPOINT WARNING * * *
The wight hits you with a great sword.
* * * LOW HITPOINT WARNING * * *
Erolcha hits you with a giant spiked club!!
You die... ██▲███ .. █. ██████.███ █ .........█ ███▲██████

█........%█ █...)....█
█.........█ █........█
█.........███ █........█
█......O@...█ █........∆
█......z..█.████........█
█.........█....∆........█
█.........██████........█
█.........█ █........█
█.........█


██████████ █████.█████ █.█████ █.....█ You could see Erolcha and a wight.

Vanquished Creatures
  Maud (D:10)
  Fannar (D:10)
  A cyclops (D:8)
  A wraith (D:10)
  Sigmund (D:3)
  A deep elf mage (D:9)
  A spriggan (D:7)
  A basilisk (D:9)
  2 hungry ghosts
  Edmund (D:5)
  An orc warrior (D:7)
  A sky beast (D:7)
  A phantom (D:6)
  2 necrophages
  A black bear (D:7)
  The ghost of dscm the Skirmisher, an amateur HOFi (D:6)
  4 ice beasts
  2 centaurs
  5 ogres
  4 giant frogs
  A wyvern zombie (D:9)
  A water moccasin skeleton (D:5)
  4 killer bees (D:8)
  3 scorpions
  5 crimson imps
  A quasit (D:7)
  A wasp zombie (D:6)
  2 giant frog zombies
  8 orc priests
  5 orc wizards
  5 hounds
  3 iguanas
  6 worker ants
  2 sheep (D:8)
  2 hound skeletons (D:8)
  3 gnolls (D:6)
  A worker ant zombie (D:7)
  8 adders
  2 shadow imps (D:6)
  An ooze (D:2)
  An adder skeleton (D:9)
  4 worms
  11 giant geckos
  19 orcs
  A ball python (D:1)
  7 giant cockroaches
  14 goblins
  7 hobgoblins
  3 jackals
  16 kobolds
  3 quokkas
  5 bats
  A giant gecko skeleton (D:4)
  4 giant newts
  7 rats
200 creatures vanquished.

Notes
Turn   | Place    | Note
--------------------------------------------------------------
     0 | D:1      | Goblin1989 the Vampire Gladiator began the quest for the Orb.
     0 | D:1      | Reached XP level 1. HP: 16/16 MP: 1/1
   272 | D:1      | Reached XP level 2. HP: 19/22 MP: 2/2
  1108 | D:1      | Reached skill level 4 in Long Blades
  1309 | D:1      | Reached XP level 3. HP: 27/27 MP: 3/3
  1994 | D:2      | Reached XP level 4. HP: 33/33 MP: 4/4
  2104 | D:2      | Reached skill level 5 in Long Blades
  2238 | D:3      | Found a shimmering altar of Xom.
  2290 | D:3      | Reached XP level 5. HP: 34/38 MP: 5/5
  2448 | D:3      | Noticed Sigmund
  2468 | D:3      | Killed Sigmund
  2468 | D:3      | Reached skill level 7 in Long Blades
  2468 | D:3      | Reached XP level 6. HP: 38/44 MP: 6/6
  3217 | D:4      | Found a staircase to the Ecumenical Temple.
  3293 | D:4      | Reached skill level 8 in Long Blades
  3293 | D:4      | Reached XP level 7. HP: 23/49 MP: 7/7
  4131 | D:4      | Reached skill level 1 in Armour
  4323 | D:5      | Entered Level 5 of the Dungeon
  4350 | D:5      | Noticed Edmund
  4366 | D:5      | Killed Edmund
  4366 | D:5      | Reached skill level 9 in Long Blades
  4366 | D:5      | Reached XP level 8. HP: 45/57 MP: 8/8
  4757 | D:5      | Found a shadowy altar of Dithmenos.
  5107 | D:6      | Noticed dscm's ghost (amateur HOFi)
  5140 | D:6      | Killed dscm's ghost
  5140 | D:6      | Reached skill level 5 in Dodging
  5653 | D:6      | Found Guuguf's Armour Boutique.
  6042 | D:7      | Got a bloodstained ring mail
  6070 | D:7      | Reached skill level 10 in Long Blades
  6082 | D:7      | Found a white marble altar of Elyvilon.
  6149 | D:7      | Reached XP level 9. HP: 65/65 MP: 9/9
  6258 | Temple   | Entered the Ecumenical Temple
  6451 | D:7      | Found a burning altar of Makhleb.
  6506 | D:7      | HP: 3/65 [orc warrior/glaive (12)]
  7203 | D:7      | Identified the +5 ring mail of a bazaar {+Inv Stlth+} (You found it on level 7 of the Dungeon)
  7607 | D:8      | Reached skill level 11 in Long Blades
  7799 | D:8      | Reached skill level 5 in Fighting
  7891 | D:8      | Noticed a cyclops
  7912 | D:8      | Killed a cyclops
  7912 | D:8      | Reached XP level 10. HP: 60/74 MP: 10/10
  8465 | D:9      | Found a stormy altar of Qazlal.
  8465 | D:9      | Found a blossoming altar of Fedhas.
  8863 | D:9      | Found a staircase to the Lair.
  8946 | D:9      | Found a sparkling altar of Nemelex Xobeh.
  8957 | D:9      | Found an iron altar of Okawaru.
  8962 | D:9      | Became a worshipper of Warmaster Okawaru
  9065 | D:10     | Entered Level 10 of the Dungeon
  9067 | D:10     | Noticed Erolcha
  9116 | D:10     | Noticed Maud
  9117 | D:10     | Noticed Fannar
  9137 | D:10     | Killed Maud
  9137 | D:10     | Reached * piety under Okawaru
  9137 | D:10     | Reached skill level 12 in Long Blades
  9155 | D:10     | Killed Fannar
  9859 | D:10     | Paralysed by Erolcha for 7 turns
  9866 | D:10     | Mangled by Erolcha

Action                   |  1- 3 |  4- 6 |  7- 9 | 10-12 || total
-------------------------+-------+-------+-------+-------++-------
Melee: Long sword        |   132 |   118 |   528 |   131 ||   909
       Scimitar          |       |       |       |    28 ||    28
 Fire: Blowgun           |       |     1 |       |       ||     1
  Use: Potion            |     2 |     1 |     9 |     3 ||    15
       Scroll            |       |    11 |     2 |       ||    13
 Stab: Sleeping          |       |     2 |       |       ||     2

Vault maps used:
D:1:      scummos_arrival_hexagon
D:3:      led_xom_imps, uniq_sigmund
D:4:      minmay_temple_entry_purple_smoke, enter_ossuary_1
D:5:      first_bread, grunt_dithmenos_smoke, uniq_edmund
D:6:      serial_shops, shop, corexii_shack
D:7:      lemuel_crystal_altar, overflow_temple_1_default, the_bakery
D:9:      grunt_temple_overflow_forces_of_nature,
          amethyst_overflow_temple_binary, lair_0_dummy
D:10:     uniq_erolcha, uniq_fannar, uniq_maud
Temple:   nicolae_temple_god_jail
